 Dungeon Sprint DCSS version 0.29-a0-817-g9904bce7a6 (webtiles) character file.

Game seed: 9944436072649839766

104244 wilfster70 the Gargoyle Cataclysm (level 16, -25/125 HPs)
             Began as a Gargoyle Fighter on July 5, 2022.
             Was a High Priest of Qazlal.
             Killed from afar by a Hell Sentinel (52 damage)
             ... with damnation
             ... in the Dungeon (Sprint V: "Ziggurat Sprint").
             The game lasted 00:10:29 (1928 turns).

wilfster70 the Gargoyle Cataclysm (GrFi)            Turns: 1928, Time: 00:10:29

Health: -25/125    AC: 56    Str: 27    XL:     16   Next: 38%
Magic:  12/33      EV:  1    Int: 10    God:    Qazlal [*****.]
Gold:   0          SH: 42    Dex: 12    Spells: 15/15 levels left

rFire   + . .      SeeInvis .   a - +9 broad axe (vorpal)
rCold   + . .      Faith    .   c - +18 shield of the Gong {rElec rN+ Will+ EV-5}
rNeg    + + .      Spirit   .   q - +5 gold dragon scales
rPois   ∞          Reflect  +   v - +2 hood of the Assassin {Detection Stab+ Stlth++}
rElec   +          Harm     .   D - +2 cloak {rCorr}
rCorr   +          Rampage  .   (no gloves)
Will    ++...      NoTele   +   A - +2 pair of boots {Fly}
Stlth   ..........              t - amulet "Unich" {Reflect rElec SH+5}
HPRegen 0.30/turn               z - +4 ring of slaying
MPRegen 0.23/turn               u - ring of Riazups {AC+4 Dex+3}

@: flying, studying Throwing, repel missiles
A: sickness immunity, AC +12, big wings, negative energy resistance 1,
electricity resistance, torment resistance 1, petrification resistance
a: Renounce Religion, Upheaval, Elemental Force, Disaster Area


You were in the Dungeon.
You worshipped Qazlal.
Qazlal was extremely pleased with you.
You visited 1 branch

Inventory:

Hand Weapons
 a - a +9 vorpal broad axe (weapon)
 b - a +5 sling of flaming
Armour
 c - the +18 shield of the Gong (worn) {rElec rN+ Will+ EV-5}
   (You found it in the Dungeon)

   It is deafeningly noisy when blocking attacks.
   EV:        It affects your evasion (-5).
   rElec:     It insulates you from electricity.
   rN:        It protects you from negative energy.
   Will:      It increases your willpower.
 q - +5 gold dragon scales (worn)
 v - the +2 hood of the Assassin (worn) {Detection Stab+ Stlth++}
   (You found it in the Dungeon)

   It allows the wearer to sense nearby creatures.
   It allows the wearer to make particularly effective stabbing attacks against
   helpless or unaware enemies with any weapon.
   Stlth:     It makes you much more stealthy.
 A - a +2 pair of boots of flying (worn)
 D - a +2 cloak of preservation (worn)
Jewellery
 t - the amulet "Unich" (around neck) {Reflect rElec SH+5}
   (You found it in the Dungeon)

   [amulet of reflection]

   It reflects blocked missile attacks.
   rElec:     It insulates you from electricity.
   SH:        It affects your SH (+5).
 u - the ring of Riazups (right hand) {AC+4 Dex+3}
   (You found it in the Dungeon)

   [ring of protection]

   AC:        It affects your AC (+4).
   Dex:       It affects your dexterity (+3).
 w - the ring of Grontol {Fly rElec Will+ Dex-5}
   (You found it in the Dungeon)

   [ring of flight]

   Dex:       It affects your dexterity (-5).
   rElec:     It insulates you from electricity.
   Fly:       It grants you flight.
   Will:      It increases your willpower.
 x - a ring of protection from cold
 z - a +4 ring of slaying (left hand)
 B - a ring of see invisible
Scrolls
 j - 4 scrolls of blinking
 k - 4 scrolls of amnesia
 l - 7 scrolls of fog
 m - 2 scrolls of fear
 p - 2 scrolls of brand weapon
 r - 5 scrolls of identify
Potions
 d - 6 potions of might
 e - 10 potions of curing
 f - 9 potions of heal wounds
 g - 10 potions of haste
 h - 6 potions of magic
 i - 3 potions of berserk rage
 n - 2 potions of brilliance
 o - 2 potions of invisibility
 s - 4 potions of resistance
Miscellaneous
 y - a tin of tremorstones (2/2)
 C - a condenser vane


   Skills:
 + Level 23.6 Fighting
 - Level 18.0 Axes
 + Level 23.6 Armour
 - Level 12.2 Shields
 O Level 27 Invocations
 + Level 18.0 Evocations


You had 15 spell levels left.
You didn't know any spells.
Your spell library contained the following spells:

 Spells                   Type           Power      Damage    Failure   Level
 Beastly Appendage        Tmut           0%         N/A       100%        1
 Magic Dart               Conj           0%         1d3       100%        1
 Necrotise                Necr           0%         1d4       100%        1
 Sandblast                Erth           0%         2d4       100%        1
 Sting                    Tmut/Pois      0%         1d3       100%        1
 Blink                    Tloc           0%         N/A       100%        2
 Passwall                 Tmut/Erth      0%         N/A       100%        2
 Poisonous Vapours        Pois/Air       0%         N/A       100%        2
 Searing Ray              Conj           0%         2d4       100%        2
 Static Discharge         Conj/Air       0%         3-3/arc   100%        2
 Wereblood                Tmut           0%         N/A       100%        2
 Conjure Flame            Conj/Fire      0%         6-21      100%        3
 Frozen Ramparts          Ice            0%         1d2       100%        3
 Gell's Gravitas          Tloc           0%         N/A       100%        3
 Ignite Poison            Fire/Tmut/Pois 0%         N/A       100%        3
 Lesser Beckoning         Tloc           0%         N/A       100%        3
 Mephitic Cloud           Conj/Pois/Air  0%         N/A       100%        3
 Ozocubu's Armour         Ice            0%         N/A       100%        3
 Spider Form              Tmut/Pois      0%         N/A       100%        3
 Stone Arrow              Conj/Erth      0%         3d7       100%        3
 Teleport Other           Tloc           0%         N/A       100%        3
 Vampiric Draining        Necr           0%         2d6       100%        3
 Airstrike                Air            0%         0-1+      100%        4
 Animate Armour           Summ/Erth      0%         N/A       100%        4
 Cause Fear               Hex            0%         N/A       100%        4
 Corpse Rot               Necr/Pois/Air  0%         N/A       100%        4
 Dispel Undead            Necr           0%         3d6       100%        4
 Fulminant Prism          Conj/Hex       0%         3d6       100%        4
 Hailstorm                Conj/Ice       0%         3d3       100%        4
 Ice Form                 Ice/Tmut       0%         N/A       100%        4
 Iskenderun's Mystic Bla  Conj/Tloc      0%         2d3       100%        4
 Olgreb's Toxic Radiance  Pois           0%         N/A       100%        4
 Petrify                  Tmut/Erth      0%         N/A       100%        4
 Sticky Flame             Conj/Fire      0%         2d3       100%        4
 Summon Ice Beast         Ice/Summ       0%         N/A       100%        4
 Summon Lightning Spire   Summ/Air       0%         N/A       100%        4
 Agony                    Necr           0%         N/A       100%        5
 Alistair's Intoxication  Tmut/Pois      0%         N/A       100%        5
 Blade Hands              Tmut           0%         N/A       100%        5
 Borgnjor's Vile Clutch   Necr/Erth      0%         N/A       100%        5
 Fireball                 Conj/Fire      0%         3d3       100%        5
 Iskenderun's Battlesphe  Conj           0%         2d6       100%        5
 Lee's Rapid Deconstruct  Erth           0%         3d5*      100%        5
 Lightning Bolt           Conj/Air       0%         1d11      100%        5
 Manifold Assault         Tloc           0%         N/A       100%        5
 Metabolic Englaciation   Hex/Ice        0%         N/A       100%        5
 Summon Forest            Summ/Tloc      0%         N/A       100%        5
 Conjure Ball Lightning   Conj/Air       0%         3x3d6     100%        6
 Death Channel            Necr           0%         N/A       100%        6
 Eringya's Noxious Bog    Tmut/Pois      0%         N/A       100%        6
 Simulacrum               Ice/Necr       0%         N/A       100%        6
 Dragon Form              Tmut           0%         N/A       100%        7
 Malign Gateway           Summ/Tloc      0%         N/A       100%        7
 Orb of Destruction       Conj           0%         9d5       100%        7
 Ozocubu's Refrigeration  Ice            0%         4d5       100%        7
 Storm Form               Tmut/Air       0%         N/A       100%        7
 Summon Hydra             Summ           0%         N/A       100%        7
 Borgnjor's Revivificati  Necr           0%         N/A       100%        8
 Discord                  Hex            0%         N/A       100%        8
 Disjunction              Tloc           0%         N/A       100%        8
 Ignition                 Fire           0%         3d3       100%        8
 Lehudib's Crystal Spear  Conj/Erth      0%         10d2      100%        8
 Maxwell's Capacitive Co  Air            0%         ∞         100%        8
 Necromutation            Tmut/Necr      0%         N/A       100%        8
 Summon Horrible Things   Summ           0%         N/A       100%        8
 Death's Door             Necr           0%         N/A       100%        9
 Dragon's Call            Summ           0%         N/A       100%        9
 Sublimation of Blood     Necr           Unusable   N/A       N/A         2
 Statue Form              Tmut/Erth      Unusable   N/A       N/A         6

Dungeon Overview and Level Annotations

Branches:
Dungeon (1/1)

Altars:
Ashenzari
Cheibriados
Dithmenos
Elyvilon
Fedhas
Gozag
Hepliaklqana
Kikubaaqudgha
Makhleb
Nemelex Xobeh
Okawaru
Qazlal
Ru
Sif Muna
Trog
Uskayaw
Vehumet
Wu Jian
Xom
Yredelemnul
Zin
The Shining One
Jiyva
Lugonu


Innate Abilities, Weirdness & Mutations

You are immune to sickness and miasma.
Your stone body is resilient. (AC +12)
You are immune to poison.
Your large and strong wings let you fly.
You resist negative energy. (rN+)
You are resistant to electric shocks. (rElec)
You are resistant to unholy torment.
You are immune to petrification.


Message History

Nature churns violently around you!
The cutting wind hits the crystal echidna!!!
You destroy the crystal echidna!
Qazlal accepts your kill.
The blast of magma engulfs the iron golem!!
The iron golem partially resists.
The iron golem is severely damaged.
The blast of magma engulfs the Hell Sentinel!
The Hell Sentinel partially resists.
The Hell Sentinel is lightly wounded.
The blast of magma engulfs the iron golem!
The iron golem partially resists.
The iron golem is moderately damaged.
The blast of ice hits the iron golem!!
The iron golem partially resists.
The iron golem is almost destroyed.
The iron golem is flash-frozen.
The blast of ice hits the Hell Sentinel!!
The Hell Sentinel partially resists.
The Hell Sentinel is moderately wounded.
The Hell Sentinel is flash-frozen.
The blast of rubble hits the iron golem but does no damage.
The iron golem is almost destroyed.
The blast of ice hits the iron golem!!
The iron golem partially resists.
The iron golem is moderately damaged.
The iron golem is flash-frozen.
The blast of ice hits the iron golem!!
The iron golem partially resists.
The iron golem is almost destroyed.
The blast of ice hits the Hell Sentinel!
The Hell Sentinel partially resists.
The Hell Sentinel is heavily wounded.
Qazlal accepts your kill.
You feel a bit more experienced.
The blast of rubble hits the Hell Sentinel but does no damage.
The Hell Sentinel is heavily wounded.
The blast of magma engulfs the Hell Sentinel!!
The Hell Sentinel partially resists.
The Hell Sentinel is severely wounded.
The Hell Sentinel gestures at you.
The sphere of damnation explodes!
The damnation engulfs you!!!
You die...

....≈1..≈.≈≈≈≈.
▓..)}}[|
.≈≈.9≈≈..§≈§§≈§
▓..††..)
≈.19≈..)§§§.≈≈§
▓.......
≈§≈≈.≈≈§≈§§§.≈≈
▓..††...
≈§§§≈≈≈≈§≈§§.§§
▓.......
§≈§§≈≈≈≈.≈§§§≈§
▓.....††
§§§§§§.≈°§≈§§§≈
▓.....†.
§.§§≈○○.☼§≈§§≈≈
▓.......
≈.§≈≈○§@.≈≈§≈≈§
▓..≈≈...
§≈▓..§.≈°≈≈.▓≈≈
▓....≈..
≈≈≈≈≈.≈≈☼≈.≈.≈§
▓....≈..
§≈≈≈§.≈≈≈.≈.≈≈≈
▓..≈....
≈≈≈..≈≈©..≈..≈.
▓...≈...
▓▓▓▓▓▓▓▓▓▓▓▓▓▓▓
▓▓▓▓▓▓▓▓
▓.}.)|.8 {{ {{{
{{ ▓....|.}


{{{{{{{{ ▓.....)} You could see 2 iron golems and a Hell Sentinel (frozen).

Vanquished Creatures
  2 caustic shrikes (D)
  An iron giant (D)
  2 searing wretches (D)
  5 Hell Sentinels (D)
  A lich (D)
  6 deep elf master archers (D)
  An ancient champion (D)
  A shadow dragon (D)
  4 fire giants (D)
  2 frost giants (D)
  3 quicksilver elementals (D)
  A balrug (D)
  A war gargoyle (D)
  7 stone giants (D)
  A blizzard demon (D)
  4 iron golems (D)
  2 merfolk impalers (D)
  6 merfolk javelineers (D)
  5 yaktaur captains (D)
  5 spriggan air magi (D)
  9 vault guards (D)
  A salamander tyrant (D)
  3 hydras (D)
  2 centaur warriors (D)
  2 merfolk aquamancers (D)
  A catoblepas (D)
  5 two-headed ogres (D)
  4 hell hogs (D)
  A death yak (D)
  7 spriggan berserkers (D)
  A wretched star (D)
  3 crystal echidnas (D)
  A sea snake (D)
  2 spriggan druids (D)
  2 lindwurms (D)
  A harpy (D)
  2 manticores (D)
  5 cyclopes (D)
  A rust devil (D)
  4 black mambas (D)
  A guardian serpent (D)
  A water nymph (D)
  2 orange demons (D)
  An elephant (D)
  15 cane toads (D)
  2 hellions (D)
  5 komodo dragons (D)
  A rime drake (D)
  An ancient zyme (D)
  A tormentor (D)
  9 yaktaurs (D)
  3 merfolk (D)
  4 polar bears (D)
  4 trolls (D)
  A wind drake (D)
  4 hornets (D)
  3 blink frogs (D)
  2 snapping turtles (D)
  6 spriggans (D)
  2 water elementals (D)
  3 wyverns (D)
  A basilisk (D)
  8 yaks (D)
  A chaos spawn (D)
  2 steam dragons (D)
  5 nagas (D)
  3 large abominations (D)
  12 water moccasins (D)
  A swamp drake (D)
  A black bear (D)
  2 small abominations (D)
  3 ogres (D)
  2 wolves (D)
  2 centaurs (D)
  A phantom (D)
  2 bullfrogs (D)
  A necrophage (D)
  4 crimson imps (D)
  3 quasits (D)
  4 iron imps (D)
  An iguana (D)
  4 orc wizards (D)
  3 adders (D)
  3 river rats (D)
  2 shadow imps (D)
  4 white imps (D)
  4 ufetubi (D)
  An adder zombie (D)
  A jackal (D)
  A ball python zombie (D)
  A giant cockroach zombie (D)
271 creatures vanquished.

Notes
Turn   | Place    | Note
-------+----------+-------------------------------------------
     0 | D        | wilfster70 the Gargoyle Fighter began the quest for the
                  | Orb.
     0 | D        | Reached XP level 1. HP: 14/14 MP: 1/1
    17 | D        | Found a shimmering blue altar of Sif Muna.
    17 | D        | Found a bloodstained altar of Trog.
    17 | D        | Found a sacrificial altar of Ru.
    17 | D        | Found a stormy altar of Qazlal.
    17 | D        | Found an iron altar of Okawaru.
    20 | D        | Found a blossoming altar of Fedhas.
    20 | D        | Found the +6 Majin-Bo {vamp, MP+6 Int+6}
    20 | D        | Found the +9 heavy crossbow "Sniper" {vorpal, Acc+∞ SInv}
    20 | D        | Found the +10 dark maul {vorpal}
    20 | D        | Found the +15 Maxwell's patent armour {-Cast -Tele rElec
                  | Will+ rCorr}
    20 | D        | Found the +18 shield of the Gong {rElec rN+ Will+ EV-5}
    20 | D        | Found the +14 obsidian axe {vorpal, Mesm Drain Fly SInv}
    20 | D        | Found the +7 great mace "Firestarter" {inner flame, rF++}
    20 | D        | Found the +6 shillelagh "Devastator" {shatter}
    20 | D        | Found the +11 plutonium sword {Contam Stlth-}
    20 | D        | Found the +8 lance "Wyrmbane" {slay drac, rPois rF+ rC+
                  | AC+3}
    20 | D        | Found the +9 sword of Zonguldrok {reap}
    20 | D        | Found the +13 scythe of Curses {drain, Drain}
    20 | D        | Found the +5 sword of Power {vorpal}
    20 | D        | Found the +7 mace of Variability {chain chaos}
    20 | D        | Found the +7 Singing Sword {vorpal, sonic wave}
    20 | D        | Found the +8 storm bow {elec, penet}
    21 | D        | Found a viscous altar of Jiyva.
    21 | D        | Found a transporter.
    21 | D        | Found a hazy altar of Hepliaklqana.
    21 | D        | Found an ancient bone altar of Kikubaaqudgha.
    21 | D        | Found an opulent altar of Gozag.
    21 | D        | Found a corrupted altar of Lugonu.
    35 | D        | Found a burning altar of Makhleb.
    36 | D        | Found a sparkling altar of Nemelex Xobeh.
    85 | D        | Became a worshipper of Qazlal Stormbringer
   104 | D        | Reached skill level 3 in Invocations
   104 | D        | Reached XP level 2. HP: 20/20 MP: 1/4
   138 | D        | Entered arena 2.
   138 | D        | Found a transporter.
   143 | D        | Reached skill level 5 in Fighting
   143 | D        | Reached skill level 5 in Armour
   143 | D        | Reached skill level 5 in Shields
   144 | D        | Reached XP level 3. HP: 26/26 MP: 5/5
   147 | D        | Got the amulet "Unich" {Reflect rElec SH+5}
   256 | D        | Entered arena 3.
   256 | D        | Noticed a steam dragon
   256 | D        | Noticed a steam dragon
   256 | D        | Noticed a swamp drake
   256 | D        | Found a transporter.
   263 | D        | Killed a steam dragon
   263 | D        | Reached * piety under Qazlal
   264 | D        | Reached skill level 5 in Axes
   264 | D        | Reached skill level 5 in Invocations
   264 | D        | Reached XP level 4. HP: 24/32 MP: 5/7
   264 | D        | Reached XP level 5. HP: 27/36 MP: 5/8
   265 | D        | Killed a swamp drake
   271 | D        | Killed a steam dragon
   272 | D        | Reached XP level 6. HP: 34/44 MP: 6/10
   340 | D        | Entered arena 4.
   340 | D        | Found a transporter.
   343 | D        | Reached ** piety under Qazlal
   344 | D        | Reached skill level 6 in Invocations
   369 | D        | Got the Octavo of the Sneaky Visionaries
   372 | D        | Got the ring of Riazups {AC+4 Dex+3}
   480 | D        | Entered arena 5.
   480 | D        | Found a transporter.
   483 | D        | Reached *** piety under Qazlal
   484 | D        | Reached XP level 7. HP: 48/48 MP: 10/12
   504 | D        | Entered arena 6.
   504 | D        | Found a transporter.
   509 | D        | Reached **** piety under Qazlal
   512 | D        | Reached skill level 7 in Invocations
   513 | D        | Reached ***** piety under Qazlal
   526 | D        | Got Gihuokkyd's Encyclopedia of Singed Conjury
   531 | D        | Entered arena 7.
   531 | D        | Noticed a blizzard demon
   531 | D        | Noticed a guardian serpent
   533 | D        | Found a transporter.
   535 | D        | Killed a guardian serpent
   536 | D        | Reached skill level 8 in Invocations
   536 | D        | Reached XP level 8. HP: 47/56 MP: 4/14
   538 | D        | Killed a blizzard demon
   539 | D        | Reached skill level 10 in Axes
   539 | D        | Reached XP level 9. HP: 48/62 MP: 5/15
   611 | D        | Entered arena 8.
   611 | D        | Found the +2 hood of the Assassin {Detection Stab+ Stlth++}
   611 | D        | Noticed an orange demon
   611 | D        | Noticed an orange demon
   613 | D        | Reached skill level 9 in Invocations
   613 | D        | Found a transporter.
   615 | D        | Killed an orange demon
   616 | D        | Reached skill level 10 in Fighting
   616 | D        | Reached skill level 10 in Armour
   616 | D        | Reached skill level 10 in Shields
   617 | D        | Killed an orange demon
   672 | D        | Entered arena 9.
   672 | D        | Noticed a spriggan rider
   672 | D        | Noticed a spriggan rider
   672 | D        | Noticed a spriggan rider
   672 | D        | Noticed a spriggan rider
   673 | D        | Killed a spriggan rider
   673 | D        | Reached ****** piety under Qazlal
   673 | D        | Killed a hornet
   673 | D        | Killed a spriggan rider
   673 | D        | Killed a hornet
   673 | D        | Killed a spriggan rider
   673 | D        | Killed a hornet
   674 | D        | Reached skill level 11 in Invocations
   674 | D        | Reached XP level 10. HP: 71/71 MP: 8/18
   674 | D        | Found a transporter.
   743 | D        | Entered arena 10.
   744 | D        | Found a transporter.
   798 | D        | Entered arena 11.
   798 | D        | Found the +8 autumn katana {vorpal, manifold assault}
   798 | D        | Found the +8 trishula "Condemnation" {holy, anguish, *Noise
                  | Fly rN+}
   799 | D        | Found a transporter.
   811 | D        | Reached XP level 11. HP: 55/76 MP: 19/19
   910 | D        | Got the ring of Grontol {Fly rElec Will+ Dex-5}
   928 | D        | Entered arena 12.
   928 | D        | Noticed a catoblepas
   931 | D        | Reached skill level 12 in Invocations
   931 | D        | Found a transporter.
   943 | D        | Killed a catoblepas
   984 | D        | Entered arena 13.
   984 | D        | Noticed a salamander tyrant
   984 | D        | Noticed a balrug
   984 | D        | Noticed a fire giant
   984 | D        | Noticed a hell hog
   984 | D        | Noticed a hell hog
   984 | D        | Noticed a searing wretch
   984 | D        | Noticed a searing wretch
   984 | D        | Noticed a hell hog
   985 | D        | Noticed a fire giant
   985 | D        | Noticed a hell hog
   986 | D        | Killed a balrug
   986 | D        | Killed a salamander tyrant
   986 | D        | Killed a hell hog
   987 | D        | Reached skill level 15 in Axes
   987 | D        | Reached skill level 13 in Invocations
   987 | D        | Killed a fire giant
   987 | D        | Killed a fire giant
   988 | D        | Reached skill level 5 in Evocations
   988 | D        | Reached XP level 12. HP: 69/84 MP: 4/22
   990 | D        | Found a transporter.
   992 | D        | Killed a hell hog
   992 | D        | Killed a searing wretch
   995 | D        | Killed a hell hog
  1001 | D        | Killed a searing wretch
  1002 | D        | Reached skill level 14 in Invocations
  1002 | D        | Killed a hell hog
  1227 | D        | Entered arena 14.
  1227 | D        | Noticed a spriggan berserker
  1228 | D        | Noticed a six-headed hydra
  1228 | D        | Noticed a spriggan air mage
  1228 | D        | Noticed a spriggan berserker
  1229 | D        | Killed a spriggan berserker
  1229 | D        | Killed a six-headed hydra
  1229 | D        | Killed a spriggan air mage
  1230 | D        | Reached skill level 15 in Fighting
  1230 | D        | Reached skill level 15 in Armour
  1233 | D        | Noticed a death yak
  1242 | D        | Killed a spriggan berserker
  1243 | D        | Found a transporter.
  1287 | D        | Got Sif Muna's Verses on the Unstable Map
  1315 | D        | Entered arena 15.
  1318 | D        | Reached skill level 15 in Invocations
  1318 | D        | Reached XP level 13. HP: 92/92 MP: 15/24
  1323 | D        | Found a transporter.
  1367 | D        | Entered arena 16.
  1371 | D        | Found a transporter.
  1418 | D        | Entered arena 17.
  1420 | D        | Noticed a stone giant
  1420 | D        | Noticed a vault guard
  1420 | D        | Noticed a vault guard
  1420 | D        | Noticed a vault guard
  1420 | D        | Noticed a vault guard
  1421 | D        | Noticed a vault guard
  1421 | D        | Noticed a shadow dragon
  1421 | D        | Noticed a vault guard
  1421 | D        | Noticed a lich
  1421 | D        | Noticed a vault guard
  1421 | D        | Identified the +3 sling "Reaff" {vorpal, SInv}
  1421 | D        | Noticed a vault guard
  1421 | D        | Noticed a vault guard
  1423 | D        | Killed a vault guard
  1424 | D        | Reached skill level 16 in Invocations
  1426 | D        | Killed a vault guard
  1429 | D        | Killed a vault guard
  1431 | D        | Killed a lich
  1431 | D        | Killed a vault guard
  1431 | D        | Killed a vault guard
  1431 | D        | Killed a vault guard
  1431 | D        | Killed a vault guard
  1431 | D        | Killed a stone giant
  1432 | D        | Reached skill level 17 in Invocations
  1432 | D        | Reached skill level 10 in Evocations
  1432 | D        | Killed a shadow dragon
  1433 | D        | Reached skill level 18 in Invocations
  1433 | D        | Killed a vault guard
  1435 | D        | Killed a vault guard
  1437 | D        | Found a transporter.
  1588 | D        | Entered arena 18.
  1593 | D        | Reached skill level 19 in Invocations
  1593 | D        | Gained mutation: Your large and strong wings let you fly.
                  | [Gargoyle growth]
  1593 | D        | Reached XP level 14. HP: 103/103 MP: 18/27
  1604 | D        | Found a transporter.
  1611 | D        | Reached skill level 20 in Invocations
  1617 | D        | Got the Volume of Venin and the Traveller
  1669 | D        | Entered arena 19.
  1671 | D        | Noticed a fire giant
  1671 | D        | Noticed a stone giant
  1671 | D        | Noticed a frost giant
  1671 | D        | Noticed a frost giant
  1673 | D        | Noticed a fire giant
  1674 | D        | Noticed a stone giant
  1674 | D        | Killed a stone giant
  1674 | D        | Killed a frost giant
  1674 | D        | Killed a frost giant
  1674 | D        | Killed a fire giant
  1674 | D        | Killed a fire giant
  1675 | D        | Reached skill level 21 in Invocations
  1679 | D        | Noticed a stone giant
  1680 | D        | Found the +10 zealot's sword {holy, *Rage rN+ EV+3}
  1681 | D        | Killed a stone giant
  1682 | D        | Found a transporter.
  1690 | D        | Killed a stone giant
  1726 | D        | Entered arena 20.
  1731 | D        | Identified the +1 rapier of Dawn {freeze, rC+ Will+}
  1732 | D        | Identified the +4 hand axe of Gumipp {vorpal, Drain rC+++
                  | rN+ Dex+2}
  1733 | D        | Reached skill level 22 in Invocations
  1737 | D        | Reached XP level 15. HP: 112/112 MP: 21/30
  1739 | D        | Reached skill level 23 in Invocations
  1740 | D        | Found a transporter.
  1776 | D        | Entered arena 21.
  1785 | D        | Reached skill level 24 in Invocations
  1789 | D        | Found a transporter.
  1799 | D        | Got the Directory of the Foul Mausoleum
  1826 | D        | Entered arena 22.
  1830 | D        | Noticed a deep elf master archer
  1830 | D        | Noticed a deep elf master archer
  1830 | D        | Noticed a deep elf master archer
  1830 | D        | Noticed a deep elf master archer
  1831 | D        | Killed a deep elf master archer
  1831 | D        | Killed a deep elf master archer
  1831 | D        | Killed a deep elf master archer
  1831 | D        | Killed a deep elf master archer
  1832 | D        | Reached skill level 25 in Invocations
  1832 | D        | Reached skill level 15 in Evocations
  1833 | D        | Identified the +7 glaive of Karma {distort, MP+9 Str+3
                  | Dex+3 Stlth+}
  1833 | D        | Noticed a deep elf master archer
  1834 | D        | Killed a deep elf master archer
  1835 | D        | Found a transporter.
  1836 | D        | Killed a deep elf master archer
  1837 | D        | Reached skill level 26 in Invocations
  1914 | D        | Entered arena 23.
  1918 | D        | Noticed a quicksilver elemental
  1918 | D        | Noticed a quicksilver elemental
  1919 | D        | Noticed a Hell Sentinel
  1919 | D        | Noticed a caustic shrike
  1919 | D        | Noticed a Hell Sentinel
  1919 | D        | Noticed an ancient champion
  1919 | D        | Noticed a Hell Sentinel
  1919 | D        | Noticed a quicksilver elemental
  1920 | D        | Killed an ancient champion
  1920 | D        | Killed a quicksilver elemental
  1920 | D        | Killed a quicksilver elemental
  1920 | D        | Noticed a Hell Sentinel
  1921 | D        | Killed a caustic shrike
  1921 | D        | Killed a Hell Sentinel
  1921 | D        | Killed an iron giant
  1922 | D        | Reached skill level 27 in Invocations
  1922 | D        | Reached XP level 16. HP: 42/124 MP: 16/33
  1922 | D        | Killed a Hell Sentinel
  1922 | D        | Killed a Hell Sentinel
  1923 | D        | Noticed a caustic shrike
  1923 | D        | Noticed a Hell Sentinel
  1924 | D        | Killed a Hell Sentinel
  1924 | D        | Killed a caustic shrike
  1926 | D        | Noticed a Hell Sentinel
  1928 | D        | Killed a Hell Sentinel
  1928 | D        | Killed from afar by a Hell Sentinel

Illustrated notes

Levels and vault maps discovered:
D:        sprint_v [room_start, room_1, room_2, room_3, room_4, room_5, room_6,
          room_7, room_8, room_9, room_10, room_11, room_12, room_13, room_14,
          room_15, room_16, room_17, room_18, room_19, room_20, room_21,
          room_22, room_23, room_24, room_25, room_26, room_27]

Skill      XL: |  1  2  3  4  5  6  7  8  9 10 11 12 13 14 15 16 |
---------------+-------------------------------------------------+-----
Fighting       | 4 5 6 7 8 9 11 12 13 15 17 19 22 23 | 23.6
Axes           | 3 5 6 7 9 10 13 15 17 18 | 18.0
Armour         | 4 5 6 7 8 9 11 12 13 15 17 19 22 23 | 23.6
Shields        | 4 5 6 7 8 9 11 12 | 12.2
Invocations    | 3 5 6 8 11 13 15 19 22 27 | 27.0
Evocations     | 5 8 11 13 16 18 | 18.0

Action                   |  1- 3 |  4- 6 |  7- 9 | 10-12 | 13-15 | 16-18 || total
-------------------------+-------+-------+-------+-------+-------+-------++-------
Melee: Broad axe         |     9 |    22 |    18 |    56 |    62 |       ||   167
Invok: Disaster Area     |       |       |     3 |     6 |    12 |     4 ||    25
  Use: Potion            |     1 |       |       |       |       |     2 ||     3
       Scroll            |       |       |     4 |     2 |       |       ||     6
Armor: Gold dragon scale |     6 |    28 |     6 |    24 |    23 |       ||    87
Dodge: Dodged            |     1 |       |       |     1 |       |       ||     2
Block: Kite shield       |    19 |    30 |    28 |    94 |    94 |       ||   265
       Reflection        |       |     2 |       |     7 |    15 |       ||    24

Table legend: (Time is in decaauts)
 A = Elapsed time spent in this place.
 B = Non-inter-level travel time spent in this place.
 C = Inter-level travel time spent in this place.
 D = Time resting spent in this place.
 E = Time spent auto-exploring this place.
 F = Levels seen in this place.
 G = Mean time per level.
                   A        B        C        D        E       F      G
               +--------+--------+--------+--------+--------+-----+--------+
         Total |   1929 |   1924 |      5 |   1048 |      0 |   1 | 1929.0 |
       Dungeon |   1929 |   1924 |      5 |   1048 |      0 |   1 | 1929.0 |
               +--------+--------+--------+--------+--------+-----+--------+

Top non-repeatable levels by time:
       D: 1929 daAuts
